 Dungeon Crawl Stone Soup version 0.20.1-1-g8b1a95d (webtiles) character file.

146 Monsterracer the Skirmisher (level 5, 0/48 HPs)
             Began as a Minotaur Fighter on Aug 27, 2017.
             Was a Believer of Vehumet.
             Killed from afar by an orc wizard (4 damage)
             ... with a puff of flame
             ... on level 4 of the Dungeon.
             The game lasted 00:06:44 (2663 turns).

Monsterracer the Skirmisher (Minotaur Fighter)      Turns: 2663, Time: 00:06:44

Health: 0/48       AC: 12    Str: 22    XL:     5   Next: 7%
Magic:  4/4        EV:  5    Int:  5    God:    Vehumet [**....]
Gold:   87         SH:  9    Dex:  9    Spells: 4/4 levels left

rFire    . . .     SeeInvis .   a - +1 flail
rCold    . . .     Gourm    .   c - +0 shield
rNeg     + . .     Faith    .   q - +1 plate armour
rPois    .         Spirit   .   (helmet restricted)
rElec    .         Reflect  .   (no cloak)
rCorr    .         Harm     .   (no gloves)
MR       .....                  (no boots)
Stlth    ..........             (no amulet)
Regen    0.2/turn               m - ring of positive energy
MPRegen  0.1/turn               h - +1 ring of evasion

@: lethally poisoned (0 -> -11)
A: retaliatory headbutt, horns 2
a: Renounce Religion


You were on level 4 of the Dungeon.
You worshipped Vehumet.
Vehumet was pleased with you.
You were not hungry.

You visited 1 branch of the dungeon, and saw 4 of its levels.

You collected 197 gold pieces.
You spent 110 gold pieces at shops.

Inventory:

Hand Weapons
 a - a +1 flail (weapon)
Armour
 c - a +0 shield (worn)
 q - a +1 plate armour (worn)
Jewellery
 h - a +1 ring of evasion (right hand)
 m - a ring of positive energy (left hand)
Scrolls
 g - a scroll of teleportation
 j - 2 scrolls of remove curse
Potions
 b - a potion of flight
 d - a potion of might
Comestibles
 f - 3 bread rations
 i - 4 royal jellies
 n - 4 meat rations
 t - 4 fruits


   Skills:
 * Level 5.1 Fighting
 * Level 3.2 Maces & Flails
 + Level 4.3 Armour
 - Level 1.3 Dodging
 + Level 4.5 Shields


You had 4 spell levels left.
You didn't know any spells.

Dungeon Overview and Level Annotations

Branches:
Dungeon (4/15)             Temple (0/1) D:4

Altars:
Vehumet

Shops:
D:4 %*(


Innate Abilities, Weirdness & Mutations

You reflexively headbutt those who attack you in melee.
You have a pair of horns on your head.


Message History

The orc wizard hits you with a dagger of venom.
* * * LOW HITPOINT WARNING * * *
You are more poisoned.
Found a stone staircase leading up.
Huge Dmg: -4%(-2hp) hp: 15%(7hp)
* * * LOW HITPOINT WARNING * * *
You feel sick. The orc wizard casts a spell at you. The magic dart hits you!
Damage: -2%(-1hp) hp: 13%(6hp) Unknown command.
* * * LOW HITPOINT WARNING * * *
You feel sick.
Damage: -2%(-1hp) hp: 11%(5hp) Unknown command.
* * * LOW HITPOINT WARNING * * *
You feel sick.
The orc wizard gestures at you while chanting.
The puff of flame hits you!
You die...

#########.# *,*
#.........# *,*
#.######### *,*
#######.# *,*
......#.########## *,*
*** .................#
*,* *,,
.#####∩.∩#######.# *,*
**,* .## #...o....##.#
*,* **,,*
..####∩.∩####.##@# *,*
***,,,*
........#####)##.#* *,*
*≈≈,,,≈
........o.....#.#.#**,*
**≈,,*,,
.#########.#..o###..,,*
**,,,,,,,
.#*******#.####.#,###**
*,,,*,_,* ..*,,,,,,#.#
*#.#*******,,,,,,,,
#.,,****,#.#
***+#**,,,,,,*≈,,*,,
,.#** **,#.#
*,+∩+,*,****,*≈≈,,,≈
*## **,*..# *,*+*,,,*
*,***,,,*


You could see an orc wizard.

Vanquished Creatures
  6 adders
  2 worms (D:2)
  3 dart slugs (D:1)
  5 orcs
  3 giant cockroaches
  11 goblins
  8 hobgoblins
  7 jackals
  A quokka (D:3)
  2 ball pythons
  9 bats
  4 frilled lizards
  6 kobolds
  9 rats
76 creatures vanquished.

Notes
Turn   | Place    | Note
-------+----------+-------------------------------------------
     0 | D:1      | Monsterracer the Minotaur Fighter began the quest for the Orb.
     0 | D:1      | Reached XP level 1. HP: 19/19 MP: 0/0
   248 | D:1      | Reached XP level 2. HP: 23/27 MP: 1/1
   365 | D:1      | Reached skill level 4 in Fighting
   544 | D:1      | Reached XP level 3. HP: 33/33 MP: 2/2
   834 | D:2      | Reached skill level 1 in Dodging
   863 | D:2      | Found a faded altar of an unknown god.
   880 | D:2      | Became a worshipper of Vehumet
   880 | D:2      | Reached * piety under Vehumet
   880 | D:2      | Offered knowledge of Flame Tongue by Vehumet.
  1187 | D:2      | Reached XP level 4. HP: 40/41 MP: 3/3
  2061 | D:3      | Offered knowledge of Magic Dart by Vehumet.
  2067 | D:3      | Reached ** piety under Vehumet
  2177 | D:3      | Reached skill level 5 in Fighting
  2496 | D:4      | Found Bof Laxtal's Food Shoppe.
  2499 | D:4      | Found Zoawk's Assorted Antiques.
  2509 | D:4      | Bought a bone ring for 110 gold pieces
  2531 | D:4      | Reached XP level 5. HP: 48/48 MP: 4/4
  2576 | D:4      | Found Vaddonoc's Weapon Emporium.
  2637 | D:4      | HP: 24/48 [poisoned by an orc wizard]
  2642 | D:4      | HP: 13/48 [poisoned by an orc wizard]
  2647 | D:4      | HP: 24/48 [poisoned by an orc wizard]
  2652 | D:4      | HP: 16/48 [poisoned by an orc wizard]
  2657 | D:4      | HP: 11/48 [poisoned by an orc wizard]
  2662 | D:4      | HP: 5/48 [poisoned by an orc wizard]
  2663 | D:4      | Killed from afar by an orc wizard

Skill      XL: |  1  2  3  4 |
---------------+-------------+-----
Shields        | 4 |  4.5
Fighting       | 4 5 |  5.1
Dodging        | 1 |  1.3
Maces & Flails | 3 |  3.2
Armour         | 4 |  4.3

Action                   |  1- 3 |  4- 6 || total
-------------------------+-------+-------++-------
Melee: Flail             |   106 |   114 ||   220
       Headbutt          |    15 |    17 ||    32
  Use: Scroll            |       |     8 ||     8
       Potion            |       |     2 ||     2
  Eat: Chunk             |     1 |     5 ||     6
Armor: Scale mail        |    39 |    11 ||    50
       Plate armour      |       |    62 ||    62
Dodge: Dodged            |    39 |    27 ||    66
Block: Shield            |    46 |    75 ||   121
